 Dungeon Crawl Stone Soup version 0.20.1-1-g8b1a95d (webtiles) character file.

577 jmlagarto the Cudgeler (level 7, -2/61 HPs)
             Began as a Minotaur Abyssal Knight on Aug 13, 2017.
             Was a Believer of Lugonu.
             Killed by divine providence
             ... invoked by an orc priest
              (14 damage)
             ... on level 4 of the Dungeon.
             The game lasted 00:10:34 (2288 turns).

jmlagarto the Cudgeler (Minotaur Abyssal Knight)    Turns: 2288, Time: 00:10:35

Health: -2/61      AC: 13    Str: 19    XL:     7   Next: 13%
Magic:  7/7        EV: 11    Int:  9    God:    Lugonu [**....]
Gold:   91         SH:  0    Dex:  9    Spells: 6/6 levels left

rFire    . . .     SeeInvis .   l - +3 flail
rCold    . . .     Gourm    .   (no shield)
rNeg     + . .     Faith    .   d - quicksilver dragon scales
rPois    +         Spirit   .   (helmet restricted)
rElec    .         Reflect  .   (no cloak)
rCorr    .         Harm     .   p - +1 pair of gloves
MR       +....                  (no boots)
Stlth    +.........             (no amulet)
Regen    0.2/turn               s - ring of positive energy
MPRegen  0.1/turn               i - ring of poison resistance

@: no status effects
A: retaliatory headbutt, horns 2
a: Depart the Abyss, Bend Space, Renounce Religion


You were on level 4 of the Dungeon.
You worshipped Lugonu.
Lugonu was pleased with you.
You were completely stuffed.

You visited 1 branch of the dungeon, and saw 4 of its levels.
You visited the Abyss 1 time.

You collected 91 gold pieces.

Inventory:

Hand Weapons
 a - a +1 mace
 l - a +3 flail (weapon)
Armour
 b - a cursed +0 ring mail
 d - quicksilver dragon scales (worn)
 p - a +1 pair of gloves (worn)
Jewellery
 i - a ring of poison resistance (right hand)
 s - a ring of positive energy (left hand)
Scrolls
 f - 3 scrolls of fog
 g - 2 scrolls of teleportation {unknown}
 h - 2 scrolls of recharging
 n - a scroll of blinking {unknown}
 o - 3 scrolls of remove curse {unknown}
Potions
 e - a potion of curing
 j - a potion of berserk rage {unknown}
Comestibles
 c - 3 bread rations
 m - a royal jelly
 q - 2 fruits


   Skills:
 + Level 5.3 Fighting
 + Level 6.5 Maces & Flails
 + Level 4.9 Armour
 + Level 2.7 Dodging
 + Level 0.5 Stealth
 + Level 2.1 Invocations


You had 6 spell levels left.
You didn't know any spells.

Dungeon Overview and Level Annotations

Branches:
Dungeon (4/15)
 Temple: D:4-7

Altars:
Gozag
Hepliaklqana
Xom


Innate Abilities, Weirdness & Mutations

You reflexively headbutt those who attack you in melee.
You have a pair of horns on your head.


Message History

Found a stone staircase leading down.
The orc priest hits you with a whip of electrocution.
The orc wizard points at you and mumbles some strange words.
The magic dart hits you!
You completely miss the orc priest.
The orc priest mumbles some strange prayers to Beogh against you.
Beogh smites you!
* * * LOW HITPOINT WARNING * * *
The orc wizard looks braver for a moment.
You sock the orc priest! You headbutt the orc priest.
The orc priest is almost dead.
The orc priest hits you but does no damage.
The orc wizard points at you and mumbles some strange words.
The puff of frost hits you!
* * * LOW HITPOINT WARNING * * *
The orc throws a tomahawk.
The tomahawk closely misses you.
You see here a tomahawk.
The orc priest calls down the wrath of Beogh upon you.
Beogh smites you!
You die...

...#*,,,,,,,,,,,,,,,,,,,,,,,,,,,,
.###****+*******###########+#***,
_..#,,,,,,,,,,,,,......./.o..,,,*
.#.#,,,,,,,,,,,,,,...........,,,*
...#,,,.,,,,,,,,,,,...o..?...,,,*
.###....,,,<,,,,,,,,.......,,,,,*
........,,,,,,,,,,,,,...>,,,,,,,*
..####################'####+#****
..#.............@(oo........#,,,,
..#...............o....$....#,,,,
..#....................(....#,,,,
..'.........................#,,,,
..#.........................#,,,,
..#.........................#,,,,
..#.........................#,,,,
..#....##########.##...##...#*,,,
###....#*,,,,***###....#*####*,,,


You could see an orc priest, an orc wizard and an orc.

Vanquished Creatures
  Sigmund (D:3)
  2 ogres (D:4)
  A wyvern skeleton (D:3)
  A centaur skeleton (D:4)
  4 gnolls (D:2)
  4 adders
  2 oozes (D:2)
  3 worms
  2 dart slugs
  2 leopard geckos (D:1)
  4 orcs (D:3)
  3 ball pythons
  6 bats
  2 giant cockroaches (D:1)
  4 goblins
  7 hobgoblins
  2 jackals (D:3)
  5 kobolds
  6 frilled lizards
  7 rats
68 creatures vanquished.

Notes
Turn   | Place    | Note
-------+----------+-------------------------------------------
     0 | Abyss:1  | jmlagarto the Minotaur Abyssal Knight began the quest for the Orb.
     0 | Abyss:1  | Reached XP level 1. HP: 19/19 MP: 1/1
     0 | D:1      | Escaped the Abyss
   107 | D:1      | Reached * piety under Lugonu
   233 | D:1      | Reached XP level 2. HP: 27/27 MP: 2/2
   618 | D:2      | Reached skill level 3 in Maces & Flails
   618 | D:2      | Reached XP level 3. HP: 33/33 MP: 3/3
   758 | D:2      | Reached XP level 4. HP: 27/41 MP: 4/4
   761 | D:2      | Reached ** piety under Lugonu
  1164 | D:2      | Reached skill level 4 in Maces & Flails
  1537 | D:3      | Found a shimmering altar of Xom.
  1538 | D:3      | Found a hazy altar of Hepliaklqana.
  1538 | D:3      | Noticed a yak
  1539 | D:3      | Noticed a yak
  1539 | D:3      | Noticed a spectral ugly thing
  1577 | D:3      | Noticed Sigmund
  1592 | D:3      | Killed Sigmund
  1592 | D:3      | Reached skill level 5 in Fighting
  1592 | D:3      | Reached skill level 5 in Maces & Flails
  1592 | D:3      | Reached XP level 5. HP: 31/48 MP: 5/5
  1592 | D:3      | Reached XP level 6. HP: 36/56 MP: 6/6
  2081 | D:4      | Reached skill level 6 in Maces & Flails
  2119 | D:4      | Found an opulent altar of Gozag.
  2184 | D:4      | Reached XP level 7. HP: 19/61 MP: 7/7
  2288 | D:4      | Killed from afar by an orc priest

Skill      XL: |  1  2  3  4  5  6 |
---------------+-------------------+-----
Fighting       | 4 5 |  5.3
Maces & Flails | 3 5 6 |  6.5
Invocations    | 2 |  2.1
Armour         | 3 4 |  4.9
Dodging        | 2 |  2.7
Stealth        | |  0.5

Action                   |  1- 3 |  4- 6 |  7- 9 || total
-------------------------+-------+-------+-------++-------
Melee: Mace              |    89 |    13 |       ||   102
       Headbutt          |    12 |    18 |     2 ||    32
       Flail             |       |    83 |     5 ||    88
Invok: Depart the Abyss  |     1 |       |       ||     1
  Use: Scroll            |     3 |     2 |       ||     5
       Potion            |       |     1 |       ||     1
  Eat: Bread ration      |       |     1 |       ||     1
       Meat ration       |       |     1 |     1 ||     2
Armor: Quicksilver drago |    51 |    42 |     3 ||    96
Dodge: Dodged            |    48 |    39 |     3 ||    90
